 Dungeon Crawl Stone Soup version 0.29-a0-541-gaf1fc19f1b (webtiles) character file.

Game seed: 14269443460775358549

31756 Sobieck the Unseen (level 13, -5/88 HPs)
             Began as a Vampire Earth Elementalist on June 2, 2022.
             Was a High Priest of Kikubaaqudgha.
             Slain by a polar bear (19 damage)
             ... on level 6 of the Lair of Beasts.
             The game lasted 01:01:17 (15477 turns).

Sobieck the Unseen (Vampire Earth Elementalist)    Turns: 15477, Time: 01:01:18

Health: -5/88      AC: 14    Str:  7    XL:     13   Next: 27%
Magic:  15/33      EV: 15    Int: 26    God:    Kikubaaqudgha [*****.]
Gold:   1097       SH:  5    Dex: 17    Spells: 1/26 levels left

rFire   . . .      SeeInvis +   a - +1 dagger (venom) {short}
rCold   . . .      Faith    +   H - +0 buckler
rNeg    . . .      Spirit   .   Q - +0 troll leather armour
rPois   .          Reflect  .   i - +2 hat of Ludaext {Regen+ Int+3 Slay+2}
rElec   .          Harm     .   N - +1 cloak
rCorr   .          Rampage  .   L - +2 pair of gloves {Dex+3}
Will    +....                   h - +2 pair of boots
Stlth   ++++++....              S - amulet of faith {!P}
HPRegen 2.04/turn               f - ring of magical power
MPRegen 0.23/turn               (no ring)

@: animating dead, healing quickly, hasted, very quick
A: alive, fangs 3, see invisible, vampiric 2
a: Exsanguinate, Renounce Religion, Unearth Wretches, Torment


You were on level 6 of the Lair of Beasts.
You worshipped Kikubaaqudgha.
Kikubaaqudgha was extremely pleased with you.
You visited 3 branches of the dungeon, and saw 19 of its levels.

You collected 1097 gold pieces.


Innate Abilities, Weirdness & Mutations

Your natural rate of healing is accelerated.
You have razor-sharp teeth.
You have supernaturally acute eyesight. (SInv)
You are afflicted with vampirism and can become a bat while bloodless.


   Skills:
 - Level 4.0 Fighting
 - Level 10.0 Short Blades
 - Level 9.0 Dodging
 + Level 15.5 Stealth
 - Level 4.0 Shields
 + Level 7.4 Spellcasting
 + Level 10.4 Necromancy
 - Level 8.0 Transmutations
 + Level 7.5 Earth Magic


You had one spell level left.
You knew the following spells:

 Your Spells              Type           Power      Damage    Failure   Level
a - Sandblast             Erth           96%        2d20      1%          1
b - Passwall              Tmut/Erth      40%        N/A       1%          2
c - Sublimation of Blood  Necr           59%        N/A       1%          2
d - Petrify               Tmut/Erth      49%        N/A       4%          4
e - Vampiric Draining     Necr           59%        2d10      1%          3
f - Animate Dead          Necr           59%        N/A       1%          4
g - Borgnjor's Vile Clut  Necr/Erth      27%        N/A       9%          5
h - Dispel Undead         Necr           59%        3d21      1%          4

Your spell library contained the following spells:

 Spells                   Type           Power      Damage    Failure   Level
 Necrotize                Necr           100%       1d9       1%          1
 Foxfire                  Conj/Fire      36%        2x1d5     12%         1
 Freeze                   Ice            36%        1d6       12%         1
 Magic Dart               Conj           36%        1d4       12%         1
 Slow                     Hex            36%        N/A       12%         1
 Summon Small Mammal      Summ           36%        N/A       12%         1
 Wereblood                Tmut           50%        N/A       1%          2
 Agony                    Necr           59%        N/A       4%          5
 Stone Arrow              Conj/Erth      58%        3d10      8%          3
 Call Imp                 Summ           9%         N/A       19%         2
 Death Channel            Necr           29%        N/A       26%         6
 Call Canine Familiar     Summ           9%         N/A       34%         3
 Confusing Touch          Hex            9%         N/A       34%         3
 Conjure Flame            Conj/Fire      9%         6-21      34%         3
 Dazzling Flash           Conj/Hex       18%        N/A       34%         3
 Frozen Ramparts          Ice            18%        1d3       34%         3
 Inner Flame              Hex/Fire       9%         N/A       34%         3
 Mephitic Cloud           Conj/Pois/Air  9%         N/A       34%         3
 Summon Guardian Golem    Hex/Summ       9%         N/A       34%         3
 Flame Wave               Conj/Fire      9%         2d5       75%         4
 Hailstorm                Conj/Ice       9%         3d4       75%         4
 Simulacrum               Ice/Necr       18%        N/A       91%         6
 Fireball                 Conj/Fire      4%         3d4       97%         5
 Conjure Ball Lightning   Conj/Air       4%         3x3d6     100%        6
 Starburst                Conj/Fire      4%         6d4       100%        6
 Summon Hydra             Summ           4%         N/A       100%        7

Inventory:

Hand Weapons
 a - a +1 dagger of venom (weapon) {short}
   (You took it off a kobold brigand on level 9 of the Dungeon)
 D - a +3 dagger of flaming {short}
   (You took it off a kobold on level 1 of the Dungeon)
Missiles
 e - 310 stones {throwing}
 k - 42 poisoned darts {throwing}
 m - 4 silver javelins {throwing}
 q - 7 boomerangs {throwing}
 F - 2 throwing nets {=f!fthrowing}
 R - 9 silver boomerangs {throwing}
Armour
 h - a +2 pair of boots (worn)
   (You found it on level 1 of the Dungeon)
 i - the +2 hat of Ludaext (worn) {Regen+ Int+3 Slay+2}
   (You acquired it on level 3 of the Dungeon)

   Int:       It affects your intelligence (+3).
   Slay:      It affects your accuracy & damage with ranged weapons and melee
   (+2).
   Regen:     It increases your rate of health regeneration.
 H - a +0 buckler (worn)
   (You found it on level 5 of the Dungeon)
 L - a +2 pair of gloves of dexterity (worn)
   (You found it on level 5 of the Dungeon)
 N - a +1 cloak (worn)
   (You found it on level 6 of the Dungeon)
 Q - a +0 troll leather armour (worn)
   (You found it on level 10 of the Dungeon)
Magical Staves
 b - a staff of death {!astaff}
   (You acquired it on level 3 of the Dungeon)
 O - a staff of earth {!astaff}
   (You found it on level 10 of the Dungeon)
Jewellery
 d - an amulet of magic regeneration {@e2}
   (You acquired it on level 4 of the Dungeon)
 f - a ring of magical power (left hand)
   (You found it on level 1 of the Dungeon)
 P - a ring of fire
   (You found it on level 1 of the Lair of Beasts)
 S - an amulet of faith (around neck) {!P}
   (You found it on level 9 of the Dungeon)
 Y - a ring of resist corrosion
   (You found it on level 9 of the Dungeon)
Wands
 p - a wand of polymorph (22)
   (You found it on level 4 of the Dungeon)
 w - a wand of acid (4)
   (You found it on level 2 of the Lair of Beasts)
 x - a wand of flame (100)
   (You took it off a goblin on level 4 of the Dungeon)
 I - a wand of charming (2)
   (You found it on level 11 of the Dungeon)
 K - a wand of digging (13)
   (You took it off Sigmund on level 5 of the Dungeon)
 T - a wand of paralysis (3)
   (You found it on level 5 of the Lair of Beasts)
 Z - a wand of iceblast (3)
   (You found it on level 9 of the Dungeon)
Scrolls
 g - 3 scrolls of fear
 t - a scroll of vulnerability {!r!r}
 u - a scroll of blinking {!r}
 y - 5 scrolls of teleportation {@r4}
 E - 3 scrolls of poison {!r}
 M - 2 scrolls of immolation {!r!r}
 W - a scroll of magic mapping {!r}
 X - a scroll of fog
Potions
 c - 3 potions of magic
 j - a potion of berserk rage {!q}
 n - 3 potions of mutation {!q}
 r - a potion of ambrosia
 s - 3 potions of attraction {!q}
 v - 2 potions of curing {@q1}
 z - 4 potions of lignification {!q}
 A - 2 potions of invisibility
 B - 2 potions of might
 C - 5 potions of haste {@q3}
 G - 3 potions of brilliance
 J - 2 potions of flight
 U - 3 potions of resistance
 V - a potion of cancellation
Miscellaneous
 l - a phantom mirror
   (You found it on level 10 of the Dungeon)

Dungeon Overview and Level Annotations

Branches:
Dungeon (12/15)            Temple (1/1) D:7            Lair (6/6) D:9
 Shoals (0/4) Lair:2       Spider (0/4) Lair:2          Orc (0/2) D:10
  Slime: Lair:5-6

Altars:
Ashenzari
Cheibriados
Dithmenos
Elyvilon
Fedhas
Gozag
Hepliaklqana
Kikubaaqudgha
Makhleb
Nemelex Xobeh
Okawaru
Qazlal
Ru
Sif Muna
Trog
Uskayaw
Vehumet
Wu Jian
Xom
Yredelemnul
Zin
The Shining One

Annotations:
D:7 1 runed translucent door, Crazy Yiuf
Lair:1 exclusion: oklob plant

.......≈≈≈≈≈≈..#.
.#......≈≈≈≈≈P...
#...#.#≈≈.≈≈P....
.P...#♣≈≈≈≈≈P....
..<..♣..≈≈≈......
...P..)...♣...#PP
.#...............
#......hSF....##.
#.......@....P#
##.#.........##
#########...#
#.#.# ###.# ##


You could see a polar bear (berserk, extremely poisoned), a black mamba (very
poisoned) and a cane toad.


Message History

Aiming: Vampiric Draining (safe; 1% risk of failure)
Press: ? - help, Shift-Dir - straight line, f/p - polar bear
Aim: a polar bear (moderately wounded, very poisoned)
You draw life force from the polar bear!
You feel life coursing into your body.
You feel very sick. You block the black mamba's attack.
You block the cane toad's attack.
The polar bear bites you but does no damage.
The polar bear closely misses you.
The polar bear claws you but does no damage.
The black mamba bites you.
* * * LOW HITPOINT WARNING * * *
You are more poisoned.
The black mamba poisons you! The cane toad misses you.
Casting: Vampiric Draining (safe; 1% risk of failure)
Confirm with . or Enter, or press ? or * to list all spells.
Aiming: Vampiric Draining (safe; 1% risk of failure)
Press: ? - help, Shift-Dir - straight line, f/p - polar bear
Aim: a polar bear (heavily wounded, very poisoned)
You draw life force from the polar bear.
You feel life coursing into your body.
You feel extremely sick. The black mamba barely misses you.
The polar bear bites you.
* * * LOW HITPOINT WARNING * * *
The polar bear claws you but does no damage.
The polar bear claws you.
* * * LOW HITPOINT WARNING * * *
The cane toad stings you!
* * * LOW HITPOINT WARNING * * *
The black mamba bites you but does no damage.
Casting: Vampiric Draining (safe; 1% risk of failure)
Confirm with . or Enter, or press ? or * to list all spells.
Aiming: Vampiric Draining (safe; 1% risk of failure)
Press: ? - help, Shift-Dir - straight line, f/p - polar bear
Aim: a polar bear (severely wounded, poisoned)
Okay, then.
You feel better. The black mamba barely misses you.
The polar bear goes berserk!
The cane toad barely misses you.
You feel yourself speed up. The black mamba closely misses you.
The polar bear bites you!
* * * LOW HITPOINT WARNING * * *
The polar bear claws you but does no damage.
The polar bear barely misses you. The black mamba closely misses you.
The cane toad stings you but does no damage.
The polar bear barely misses you.
The polar bear claws you but does no damage.
The polar bear closely misses you.
You feel much better. The black mamba closely misses you.
The cane toad stings you.
* * * LOW HITPOINT WARNING * * *
You are poisoned.
The cane toad poisons you! The polar bear bites you!!
* * * LOW HITPOINT WARNING * * *
The polar bear closely misses you.
The polar bear claws you but does no damage.
You feel much better.
You feel sick. You block the black mamba's attack. The polar bear misses you.
The polar bear claws you but does no damage.
The polar bear claws you.
* * * LOW HITPOINT WARNING * * *
The cane toad stings you but does no damage.
The black mamba barely misses you.
Unknown command.
You hit the polar bear but do no damage.
The polar bear looks even sicker.
You bite the polar bear.
You feel sick.
Unknown command.
You hit the polar bear but do no damage.
You bite the polar bear, but do no damage.
You feel sick. The polar bear bites you.
* * * LOW HITPOINT WARNING * * *
The polar bear claws you but does no damage.
You block the polar bear's attack.
The black mamba bites you but does no damage.
Unknown command.
You closely miss the polar bear.
You bite the polar bear, but do no damage.
You feel sick. The cane toad closely misses you.
Unknown command.
You hit the polar bear but do no damage.
The polar bear looks as sick as possible!
The polar bear misses you. x2; You block the polar bear's attack.
You block the black mamba's attack.
Unknown command.
You completely miss the polar bear. Your bite misses the polar bear.
You feel sick. The cane toad misses you.
Unknown command.
You hit the black mamba.
The black mamba is poisoned.
The black mamba bites you!
* * * LOW HITPOINT WARNING * * *
The polar bear bites you but does no damage.
You block the polar bear's attack. The polar bear claws you.
* * * LOW HITPOINT WARNING * * *
Unknown command.
You hit the cane toad.
You feel sick.
The cane toad looks more healthy.
You block the black mamba's attack. The cane toad barely misses you.
Unknown command.
You feel better. The polar bear bites you!!
You die...
Kikubaaqudgha rasps: "You have failed me!
Welcome... death!"

Skill      XL: |  1  2  3  4  5  6  7  8  9 10 11 12 13 |
---------------+----------------------------------------+-----
Stealth        | 4 5 6 7 8 9 10 12 15 | 15.5
Transmutations | 2 3 4 5 6 7 8 |  8.0
Dodging        | 3 4 5 6 7 9 |  9.0
Necromancy     | 2 3 4 7 8 9 10 | 10.4
Earth Magic    | 4 5 6 7 |  7.5
Short Blades   | 1 2 4 5 6 7 9 10 | 10.0
Fighting       | 1 2 3 4 |  4.0
Spellcasting   | 3 4 5 6 7 |  7.4
Shields        | 1 4 |  4.0

Action                   |  1- 3 |  4- 6 |  7- 9 | 10-12 | 13-15 || total
-------------------------+-------+-------+-------+-------+-------++-------
Melee: Dagger            |    75 |    96 |   354 |   860 |    83 ||  1468
       Bite              |     7 |     6 |    47 |   143 |    19 ||   222
       Punch             |     1 |     1 |     7 |       |       ||     9
 Cast: Sandblast         |    22 |    29 |    89 |    89 |       ||   229
       Passwall          |     1 |     6 |    12 |     5 |       ||    24
       Petrify           |       |       |       |    24 |       ||    24
       Vampiric Draining |       |       |       |    24 |     3 ||    27
       Animate Dead      |       |       |       |    14 |     2 ||    16
       Borgnjor's Vile C |       |       |       |     3 |     7 ||    10
  Use: Potion            |       |     1 |       |     1 |     8 ||    10
       Scroll            |       |    16 |     3 |    14 |     2 ||    35
 Stab: Sleeping          |     7 |    12 |    21 |    31 |     1 ||    72
       Petrified         |       |       |       |    10 |       ||    10
       Petrifying        |       |       |       |     5 |       ||     5
       Distracted        |       |       |       |     8 |     2 ||    10
Armor: Robe              |    23 |    42 |   187 |    58 |       ||   310
       Troll leather arm |       |       |       |   199 |    45 ||   244
Dodge: Dodged            |    62 |    73 |   255 |   483 |   116 ||   989
Block: Buckler           |       |       |     9 |   207 |    38 ||   254

Levels and vault maps discovered:
D:1:      dpeg_arrival_line_fractal, layout_loops_ring,
          shapermc_ecumenical_altar_mp_ritualfount
D:2:      cheibrodos_helix_gallery, layout_basic
D:3:      layout_loops_ring
D:4:      cheibrodos_old_hovel, layout_cave_pools, minmay_misc_feat_four_crosses
D:5:      layout_loops_cross, nicolae_wu_jian_immortal_techniques,
          nicolae_ru_sacrificial_ziggurat, skrybe_limestone_x, uniq_sigmund
D:6:      layout_loops_cross, serial_undead, serial_undead_a, serial_undead_d,
          serial_undead_b, serial_undead_b, serial_undead_e, serial_undead_a,
          serial_undead_a, serial_undead_a, uniq_menkaure
D:7:      layout_loops_ring, grunt_dithmenos_shadows, makhleb_heckhound_becter,
          kiku_gazebo_pond_becter, minmay_temple_entry_trees,
          uniq_crazy_yiuf_cottage
D:8:      layout_basic, nemelex_altar_shiori, mainiacjoe_overflow_chevrons,
          kennysheep_cluttered_room, chequers_decorated_corner, uniq_pikel
D:9:      kennysheep_seaside_town, layout_basic, kennysheep_little_box,
          kennysheep_orc_sif_temple, mainiacjoe_overflow_boulevard,
          dpeg_oklobed_lair
D:10:     layout_layer_cave, erik_orc_1, minmay_orc_keep
D:11:     layout_cave_pods, serial_shops, nicolae_lakefront_shop
D:12:     layout_roguey, uniq_psyche
Temple:   nicolae_temple_hex_pool
Lair:1:   layout_cave_pods, lemuel_oklob_altar, grunt_megastairs_3,
          serial_bayou_shore_a, lemuel_fruit_tree, lemuel_fruit_fields,
          infiniplex_staircase_pool
Lair:2:   beast_lair_carwin_large_4, layout_cave_pods, shoals_dummy_entry,
          nicolae_spider_entry_non_spiders
Lair:3:   layout_gridlike, lightli_volcano_entry_magma_tube, uniq_amaemon
Lair:4:   layout_regular_city, grunt_forest_stairs_basic,
          kennysheep_abandoned_house
Lair:5:   layout_cave_shapes, grunt_forest_large_clearing_hut,
          grunt_megastairs_5, uniq_nessos
Lair:6:   wormcave, layout_loops_ring, slime_altar_1, serial_bayou,
          serial_bayou_ford_a, serial_bayou_lagoon_a, serial_bayou_lake_a,
          serial_bayou_pond_b, minmay_lair_oklob_items

Notes
Turn   | Place    | Note
-------+----------+-------------------------------------------
     0 | D:1      | Sobieck the Vampire Earth Elementalist began the quest for
                  | the Orb.
     0 | D:1      | Reached XP level 1. HP: 13/13 MP: 3/3
     5 | D:1      | You pick up a book of Callings and begin reading...
     5 | D:1      | You add the spells Summon Small Mammal, Call Canine
                  | Familiar and Summon Guardian Golem to your library.
   296 | D:1      | Reached XP level 2. HP: 19/19 MP: 5/5
   313 | D:1      | Learned a level 2 spell: Passwall
   454 | D:1      | Found a faded altar of an unknown god.
   950 | D:2      | Gained mutation: You are afflicted with vampirism and can
                  | become a bat while bloodless. [Vampire growth]
   950 | D:2      | Reached XP level 3. HP: 24/24 MP: 6/6
   989 | D:2      | Reached skill level 4 in Stealth
   989 | D:2      | Reached skill level 2 in Transmutations
   993 | D:2      | Reached skill level 3 in Dodging
  1196 | D:2      | You pick up a book of Blood and begin reading...
  1196 | D:2      | You add the spells Sublimation of Blood, Wereblood and
                  | Summon Hydra to your library.
  1257 | D:2      | Learned a level 2 spell: Sublimation of Blood
  1280 | D:2      | HP: 5/24 [poisoned by an adder]
  1282 | D:2      | Reached XP level 4. HP: 4/30 MP: 7/7
  1355 | D:2      | Reached skill level 5 in Stealth
  1355 | D:2      | Reached skill level 1 in Necromancy
  1393 | D:2      | You pick up a book of Blood and begin reading...
  1486 | D:2      | You pick up a book of Flames and begin reading...
  1486 | D:2      | You add the spells Foxfire, Conjure Flame, Inner Flame and
                  | Flame Wave to your library.
  1780 | D:3      | Reached skill level 4 in Earth Magic
  1963 | D:3      | Reached skill level 2 in Necromancy
  1963 | D:3      | Reached XP level 5. HP: 35/35 MP: 8/8
  2374 | D:4      | You add the spells Dazzling Flash and Fireball to your
                  | library.
  2374 | D:4      | Got the Volume of Attacks and Calling
  2423 | D:4      | Identified 3 scrolls of acquirement
  2425 | D:3      | Acquired an amulet of magic regeneration
  2432 | D:3      | Acquired the +2 hat of Ludaext {Regen+ Int+3 Slay+2}
  2439 | D:3      | Acquired a staff of death
  2677 | D:4      | You pick up a book of Frost and begin reading...
  2677 | D:4      | You add the spells Freeze, Frozen Ramparts and Hailstorm to
                  | your library.
  2985 | D:5      | Entered Level 5 of the Dungeon
  2996 | D:5      | Reached skill level 3 in Necromancy
  3042 | D:4      | Reached skill level 1 in Short Blades
  3042 | D:4      | Reached XP level 6. HP: 37/42 MP: 9/9
  3124 | D:5      | Noticed Sigmund
  3127 | D:5      | Killed Sigmund
  3128 | D:5      | Reached skill level 1 in Fighting
  3204 | D:5      | Reached skill level 2 in Short Blades
  3204 | D:5      | Reached skill level 6 in Stealth
  3204 | D:5      | Reached skill level 3 in Transmutations
  3204 | D:5      | Reached XP level 7. HP: 28/49 MP: 11/11
  3271 | D:5      | Reached skill level 2 in Fighting
  3271 | D:5      | Reached skill level 3 in Spellcasting
  3272 | D:5      | Noticed a steam dragon
  3310 | D:5      | Reached skill level 3 in Short Blades
  3351 | D:5      | Killed a steam dragon
  3352 | D:5      | Reached skill level 4 in Short Blades
  3352 | D:5      | Reached skill level 7 in Stealth
  3352 | D:5      | Reached skill level 4 in Transmutations
  3420 | D:5      | You add the spells Starburst and Conjure Ball Lightning to
                  | your library.
  3420 | D:5      | Got the Incunabulum of Combat Magic
  3438 | D:5      | Found an ornate altar of the Wu Jian Council.
  3484 | D:5      | Noticed a steam dragon
  3523 | D:5      | Killed a steam dragon
  3524 | D:5      | Reached XP level 8. HP: 56/56 MP: 12/12
  3571 | D:5      | Found a sacrificial altar of Ru.
  3968 | D:6      | Noticed Menkaure
  3978 | D:6      | Killed Menkaure
  4031 | D:6      | Reached skill level 1 in Shields
  4099 | D:6      | Reached skill level 8 in Stealth
  4103 | D:6      | Reached skill level 4 in Dodging
  4206 | D:6      | Reached skill level 3 in Fighting
  4206 | D:6      | Reached skill level 5 in Transmutations
  4221 | D:6      | Reached skill level 5 in Short Blades
  4221 | D:6      | Reached skill level 5 in Earth Magic
  4221 | D:6      | Reached XP level 9. HP: 52/63 MP: 14/14
  4237 | D:6      | Reached skill level 2 in Shields
  4237 | D:6      | Reached skill level 4 in Spellcasting
  4400 | D:6      | Learned a level 4 spell: Petrify
  4683 | D:6      | Reached skill level 9 in Stealth
  4771 | D:6      | Reached skill level 5 in Dodging
  4826 | D:6      | Reached skill level 3 in Shields
  4826 | D:6      | Reached skill level 6 in Transmutations
  4986 | D:7      | Found a staircase to the Ecumenical Temple.
  4995 | D:7      | Reached skill level 6 in Short Blades
  5000 | Temple   | Entered the Ecumenical Temple
  5132 | D:7      | Reached skill level 4 in Shields
  5499 | D:7      | You pick up a book of Debilitation and begin reading...
  5499 | D:7      | You add the spells Slow, Vampiric Draining and Confusing
                  | Touch to your library.
  5504 | D:7      | Learned a level 3 spell: Vampiric Draining
  5589 | D:7      | Found a burning altar of Makhleb.
  5640 | D:7      | Found a shadowy altar of Dithmenos.
  5762 | D:7      | Found an ancient bone altar of Kikubaaqudgha.
  5770 | D:7      | Became a worshipper of Kikubaaqudgha
  5906 | D:7      | Found a runed translucent door.
  5907 | D:7      | Noticed Crazy Yiuf
  6091 | D:8      | Reached skill level 4 in Necromancy
  6091 | D:8      | Reached XP level 10. HP: 70/70 MP: 16/16
  6159 | D:8      | Found a sparkling altar of Nemelex Xobeh.
  6209 | D:8      | Found a hide-covered altar of Uskayaw.
  6803 | D:8      | Noticed Pikel
  6814 | D:8      | Killed Pikel
  6825 | D:8      | Reached * piety under Kikubaaqudgha
  6825 | D:8      | You add the spells Necrotize and Animate Dead to your
                  | library.
  6825 | D:8      | Received a gift from Kikubaaqudgha
  6833 | D:8      | Learned a level 4 spell: Animate Dead
  6859 | D:8      | Reached skill level 5 in Necromancy
  6979 | D:9      | Found a staircase to the Lair.
  6985 | D:9      | You fall into a shaft and drop 2 floors!
  7094 | D:12     | Noticed a boulder beetle
  7192 | D:11     | Reached skill level 6 in Necromancy
  7294 | D:10     | Entered Level 10 of the Dungeon
  7728 | D:10     | Reached skill level 10 in Stealth
  7893 | D:10     | Noticed a two-headed ogre
  7902 | D:10     | Killed a two-headed ogre
  7903 | D:10     | Reached skill level 4 in Fighting
  7903 | D:10     | Reached skill level 6 in Dodging
  8009 | D:10     | Reached skill level 5 in Spellcasting
  8009 | D:10     | Reached skill level 7 in Transmutations
  8221 | D:10     | Found a staircase to the Orcish Mines.
  8227 | D:10     | Reached skill level 7 in Necromancy
  8242 | D:10     | Reached skill level 7 in Short Blades
  8242 | D:10     | Reached ** piety under Kikubaaqudgha
  8245 | D:10     | Reached skill level 6 in Earth Magic
  8263 | D:10     | Reached XP level 11. HP: 71/77 MP: 18/18
  9028 | D:9      | Reached *** piety under Kikubaaqudgha
  9028 | D:9      | You add the spells Dispel Undead, Agony, Borgnjor's Vile
                  | Clutch, Death Channel and Simulacrum to your library.
  9028 | D:9      | Received a gift from Kikubaaqudgha
  9292 | D:9      | Noticed a two-headed ogre
  9342 | D:9      | Killed a two-headed ogre
  9565 | D:9      | Reached skill level 11 in Stealth
  9565 | D:9      | Reached skill level 8 in Necromancy
  9669 | D:9      | Reached **** piety under Kikubaaqudgha
  9709 | D:9      | Found a hazy altar of Hepliaklqana.
  9844 | D:9      | Found a shimmering blue altar of Sif Muna.
 10481 | Lair:1   | Entered Level 1 of the Lair of Beasts
 10549 | Lair:1   | Reached skill level 7 in Dodging
 10556 | Lair:1   | Reached skill level 8 in Transmutations
 10560 | Lair:1   | Reached skill level 8 in Short Blades
 10579 | Lair:1   | Identified the +2 whip "Diogepof" {vorpal, rElec rN++
                  | Will-}
 10717 | Lair:1   | Found a radiant altar of Vehumet.
 10718 | Lair:1   | Noticed an oklob plant
 11080 | Lair:1   | Noticed a boulder beetle
 11087 | Lair:1   | Killed a boulder beetle
 11088 | Lair:1   | Reached skill level 12 in Stealth
 11213 | Lair:1   | Reached skill level 7 in Earth Magic
 11346 | Lair:1   | Reached skill level 9 in Short Blades
 11363 | Lair:1   | Noticed an eight-headed hydra
 11379 | Lair:1   | Killed an eight-headed hydra
 11736 | Lair:2   | Reached XP level 12. HP: 64/83 MP: 18/19
 11739 | Lair:2   | Reached skill level 13 in Stealth
 11998 | Lair:2   | Reached skill level 10 in Short Blades
 12052 | Lair:2   | Found a hole to the Spider Nest.
 12153 | Lair:2   | Found a staircase to the Shoals.
 12367 | Lair:2   | Reached ***** piety under Kikubaaqudgha
 12784 | Lair:2   | Learned a level 5 spell: Borgnjor's Vile Clutch
 12785 | Lair:3   | Noticed Amaemon
 12848 | Lair:3   | Killed Amaemon
 13025 | Lair:3   | Reached skill level 8 in Dodging
 13096 | Lair:3   | Reached skill level 14 in Stealth
 13159 | Lair:3   | Reached skill level 6 in Spellcasting
 13160 | Lair:3   | Reached skill level 9 in Necromancy
 13221 | Lair:3   | Your ally Amaemon died
 13501 | Lair:3   | Found a dark tunnel.
 13752 | Lair:4   | You pick up a book of Minor Magic and begin reading...
 13752 | Lair:4   | You add the spells Magic Dart, Call Imp and Mephitic Cloud
                  | to your library.
 14028 | Lair:4   | Noticed a four-headed hydra
 14068 | Lair:4   | Killed a four-headed hydra
 14236 | Lair:4   | Noticed a four-headed hydra
 14245 | Lair:4   | Killed a four-headed hydra
 14456 | Lair:5   | Noticed a seven-headed hydra
 14466 | Lair:5   | Killed a seven-headed hydra
 14628 | Lair:5   | Noticed a death yak
 14631 | Lair:5   | Killed a death yak
 14632 | Lair:5   | Reached skill level 9 in Dodging
 14632 | Lair:5   | Reached skill level 15 in Stealth
 14632 | Lair:5   | Reached XP level 13. HP: 88/88 MP: 23/23
 14733 | Lair:5   | Reached skill level 7 in Spellcasting
 14733 | Lair:5   | Reached skill level 10 in Necromancy
 14801 | Lair:5   | Learned a level 4 spell: Dispel Undead
 14993 | Lair:5   | Noticed Nessos
 14999 | Lair:5   | Killed Nessos
 15358 | Lair:6   | Entered Level 6 of the Lair of Beasts
 15459 | Lair:6   | HP: 19/88 [cane toad (15)]
 15465 | Lair:6   | HP: 22/88 [polar bear (4)]
 15465 | Lair:6   | HP: 9/88 [cane toad (11)]
 15467 | Lair:6   | HP: 2/88 [polar bear (16)]
 15472 | Lair:6   | HP: 21/88 [poisoned by a cane toad]
 15475 | Lair:6   | HP: 7/88 [polar bear (5)]
 15477 | Lair:6   | Slain by a polar bear

Vanquished Creatures
  A boulder beetle (Lair:1)
  7 hydras
  2 two-headed ogres
  A death yak (Lair:5)
  Pikel (D:8)
  A black mamba (Lair:5)
  6 cane toads
  5 komodo dragons
  4 trolls
  3 blink frogs (Lair:3)
  4 wyverns
  Sigmund (D:5)
  2 basilisks
  22 yaks
  3 steam dragons
  Menkaure (D:6)
  An acid dragon (D:9)
  7 water moccasins
  A swamp drake (D:10)
  3 ice beasts
  10 orc warriors
  A black bear (D:5)
  A sky beast (D:8)
  5 ogres
  8 wolves (Lair:2)
  2 phantoms (D:7)
  2 centaurs
  2 kobold brigands
  6 bullfrogs
  4 necrophages
  A wyvern zombie (D:6)
  4 scorpions
  2 gnoll sergeants
  A wyvern skeleton (D:6)
  A water moccasin skeleton (D:6)
  17 killer bees
  A howler monkey (D:6)
  8 hounds
  9 bullfrog zombies (D:6)
  A jelly (D:7)
  8 orc priests
  A centaur skeleton (D:6)
  5 centaur zombies (D:6)
  2 gnoll shamans (D:9)
  3 bullfrog skeletons (D:6)
  4 iguanas
  A hell rat (Lair:4)
  18 orc wizards
  3 killer bee zombies (D:6)
  A howler monkey zombie (D:6)
  15 gnolls
  A howler monkey skeleton (D:6)
  3 river rats (Lair:4)
  6 adders
  2 ufetubi
  3 worms
  44 orcs
  7 endoplasms
  A giant cockroach (Lair:2)
  8 goblins
  4 hobgoblins
  4 jackals (D:4)
  14 kobolds
  3 quokkas
  10 ball pythons
  2 bats (D:1)
  4 frilled lizards (D:1)
  12 rats
351 creatures vanquished.

Vanquished Creatures (collateral kills)
  Nessos (Lair:5)
  A hydra (Lair:5)
  Amaemon (Lair:3)
  A black mamba (Lair:1)
  An orange demon (Lair:3)
  A cane toad (Lair:5)
  2 komodo dragons
  A troll (D:10)
  2 blink frogs (Lair:3)
  A spriggan (Lair:5)
  12 yaks
  A wyvern (Lair:1)
  2 water moccasins
  An orc warrior (D:10)
  9 wolves (Lair:2)
  2 scorpions (Lair:2)
  2 killer bees (D:10)
  A gnoll shaman (D:9)
  An orc priest (D:10)
  3 orc wizards (D:10)
  2 hell rats (Lair:4)
  3 gnolls (D:9)
  2 river rats (Lair:4)
  6 orcs
  3 kobolds (D:9)
  A butterfly (Lair:1)
63 creatures vanquished.

Vanquished Creatures (others)
  A two-headed ogre zombie (D:10)
  3 water moccasin zombies
  A demonspawn zombie (Lair:3)
  6 yak zombies
  A killer bee zombie (D:10)
  15 orc zombies
  13 gnoll zombies (D:9)
  20 fungi
  57 plants
117 creatures vanquished.

Grand Total: 531 creatures vanquished

Table legend:
 A = Non-vault XP
 B = Vault XP
 C = Vault XP percentage of total XP
 D = Non-vault monster count
 E = Vault monster count
 F = Vault count percentage of total count
                 A         B        C        D         E       F
            +---------+---------+-------+---------+---------+-------
      Total |   30948 |   14418 |  31.8 |     276 |     137 |  33.2
            +---------+---------+-------+---------+---------+-------
        D:1 |      39 |       0 |   0.0 |      27 |       0 |   0.0
        D:2 |     129 |       3 |   2.3 |      16 |       2 |  11.1
        D:3 |      37 |       0 |   0.0 |       8 |       0 |   0.0
        D:4 |      83 |       2 |   2.4 |      14 |       1 |   6.7
        D:5 |    1178 |     214 |  15.4 |      20 |       1 |   4.8
        D:6 |    1129 |    1343 |  54.3 |      19 |      27 |  58.7
        D:7 |    1059 |     147 |  12.2 |      18 |       2 |  10.0
        D:8 |    1783 |     641 |  26.4 |      26 |       1 |   3.7
        D:9 |    2189 |    1244 |  36.2 |      32 |      24 |  42.9
       D:10 |    2232 |     651 |  22.6 |      22 |      22 |  50.0
       D:11 |     744 |     203 |  21.4 |       3 |       4 |  57.1
     Lair:1 |    5101 |    1110 |  17.9 |      16 |       6 |  27.3
     Lair:2 |    3502 |    1898 |  35.1 |      19 |      23 |  54.8
     Lair:3 |    4650 |    1221 |  20.8 |      18 |       2 |  10.0
     Lair:4 |    2789 |    1044 |  27.2 |       9 |      14 |  60.9
     Lair:5 |    4168 |    3696 |  47.0 |       8 |       6 |  42.9
     Lair:6 |     136 |    1001 |  88.0 |       1 |       2 |  66.7
            +---------+---------+-------+---------+---------+-------

Illustrated notes

Table legend:
 A = Kills in this place as a percentage of kills in entire the game.
 B = Kills by you in this place as a percentage of kills by you in the entire game.
 C = Kills by friends in this place as a percentage of kills by friends in the entire game.
 D = Other kills in this place as a percentage of other kills in the entire game.
 E = Experience gained in this place as a percentage of experience gained in the entire game.
 F = Experience gained in this place divided by the number of levels of this place that you have seen.
                   A       B       C       D       E      F
               +-------+-------+-------+-------+-------+----------------------
         Total | 100.0 | 100.0 | 100.0 |   N/A | 100.0 | 2387.7
       Dungeon |  70.0 |  76.4 |  33.9 |   N/A |  33.2 | 1254.2
          Lair |  30.0 |  23.6 |  66.1 |   N/A |  66.8 | 5052.7
               +-------+-------+-------+-------+-------+----------------------

Table legend: (Time is in decaauts)
 A = Elapsed time spent in this place.
 B = Non-inter-level travel time spent in this place.
 C = Inter-level travel time spent in this place.
 D = Time resting spent in this place.
 E = Time spent auto-exploring this place.
 F = Levels seen in this place.
 G = Mean time per level.
                   A        B        C        D        E       F      G
               +--------+--------+--------+--------+--------+-----+--------+
         Total |  15043 |  14333 |    710 |    218 |   9871 |  19 |  791.7 |
       Dungeon |  10188 |   9701 |    487 |    182 |   6446 |  12 |  849.0 |
        Temple |     94 |     75 |     19 |      0 |     64 |   1 |   94.0 |
          Lair |   4761 |   4557 |    204 |     36 |   3360 |   6 |  793.5 |
               +--------+--------+--------+--------+--------+-----+--------+

Top non-repeatable levels by time:
     D:9: 1638 daAuts
    D:10: 1433 daAuts
  Lair:1: 1144 daAuts
  Lair:2: 1059 daAuts
     D:8: 1028 daAuts
     D:6: 1006 daAuts
  Lair:5: 942 daAuts
     D:1: 925 daAuts
     D:5: 898 daAuts
     D:7: 838 daAuts
  Lair:4: 827 daAuts
     D:2: 760 daAuts
     D:3: 733 daAuts
  Lair:3: 732 daAuts
     D:4: 591 daAuts
